 Dungeon Crawl Stone Soup version 0.17-a0-1516-gf76066c (webtiles) character file.

22830 sscrono2 the Covert (level 13, -4/79 HPs)
             Began as an Octopode Assassin on July 12, 2015.
             Was a Priest of Kikubaaqudgha.
             Slain by a yak (18 damage)
             ... in an ice cave.
             The game lasted 01:45:44 (19262 turns).

sscrono2 the Covert (Octopode Assassin)            Turns: 19262, Time: 01:45:44

Health: -4/79      AC:  7    Str: 10    XL:     13   Next: 2%
Magic:  8/20       EV: 16    Int: 15    God:    Kikubaaqudgha [***...]
Gold:   376        SH: 17    Dex: 17    Spells: 4 memorised, 4 levels left

rFire  x . .     SeeInvis .     a - +2 dagger (speed)
rCold  + . .     Rnd*Rage +     K - +5 shield
rNeg   + . .     SustAt   +     (helmet restricted)
rPois  .         Gourm    .     s - amulet of warding
rElec  .         Spirit   .     w - ring of stealth
rCorr  .         Warding  +     F - ring of ice
rMut   .         Stasis   .     j - ring of sustain attributes
MR     .....                    r - +3 ring of protection
Stlth  ++++++++..               (no ring)
                                (no ring)
                                (no ring)
                                (no ring)

@: about to teleport, very slightly contaminated, not resistant to hostile
enchantments, extraordinarily stealthy
A: almost no armour, amphibious, 8 rings, constrict 8, tentacle spike 1, large
bone plates 1, molten scales 1, camouflage 1, berserk 1, spit poison 1, wild
magic 1, gelatinous body 1
a: Spit Poison, Receive Corpses, Renounce Religion


You were in an ice cave.
You worshipped Kikubaaqudgha.
Kikubaaqudgha was most pleased with you.
You were hungry.

You visited 3 branches of the dungeon, and saw 15 of its levels.
You also visited: Ice Cave.

You collected 782 gold pieces.
You spent 406 gold pieces at shops.

Inventory:

Hand weapons
 a - a +2 dagger of speed (weapon)
 b - a +1 blowgun
Missiles
 c - 37 poisoned needles
 G - a throwing net (quivered)
 O - 13 curare-tipped needles
Armour
 K - a +5 shield (worn)
Jewellery
 j - a ring of sustain attributes (on tentacle)
 q - an uncursed amulet of clarity
 r - a +3 ring of protection (on tentacle)
 s - an amulet of warding (around mantle)
 w - a ring of stealth (left tentacle)
 F - a ring of ice (right tentacle)
Magical devices
 u - a wand of frost (23)
 v - a wand of flame (20)
 y - a wand of teleportation (1)
 B - a wand of lightning (3)
 D - a wand of disintegration (3)
 L - a wand of flame (15)
 M - a wand of paralysis (0)
 T - a wand of disintegration (17)
Scrolls
 f - 3 scrolls of recharging {unknown}
 l - a scroll of vulnerability {unknown}
 t - 3 scrolls of noise {unknown}
 x - 2 scrolls of remove curse
 A - 3 scrolls of enchant weapon
 C - a scroll of fog {unknown}
 E - 2 scrolls of fear {unknown}
 I - 2 scrolls of magic mapping {unknown}
 J - 3 scrolls of amnesia {unknown}
 Q - a scroll of immolation {unknown}
Potions
 d - 2 potions of magic
 m - a potion of flight
 n - a potion of agility {unknown}
 o - a potion of invisibility {unknown}
 p - 2 potions of curing
 z - 2 potions of lignification {unknown}
 H - a potion of brilliance
Books
 N - a book of Unlife

   Spells                             Type                      Level
   a - Recall                         Summoning/Translocation      3
   b - Animate Dead                   Necromancy                   4
   c - Control Undead                 Necromancy                   4
   d - Cigotuvi's Embrace             Necromancy                   5
   e - Death Channel                  Necromancy                   6
   f - Simulacrum                     Ice/Necromancy               6
 P - Kikubaaqudgha's Volume of Unholy Rituals
   (Kikubaaqudgha gifted it to you on level 11 of the Dungeon)

   Spells                             Type                      Level
   a - Animate Dead                   Necromancy                   4
   b - Excruciating Wounds            Charms/Necromancy            5
   c - Dispel Undead                  Necromancy                   5
   d - Simulacrum                     Ice/Necromancy               6
   e - Death Channel                  Necromancy                   6
Miscellaneous
 g - a plain deck of wonders
 h - a phantom mirror
 k - a plain deck of summoning {drawn: 1}
Comestibles
 e - 8 bread rations
 i - 3 meat rations


   Skills:
 + Level 4.2 Fighting
 * Level 9.0 Short Blades
 + Level 7.7 Throwing
 + Level 7.8 Dodging
 + Level 13.4 Stealth
 * Level 6.6 Shields
 + Level 5.0 Spellcasting
 + Level 0.2 Summonings
 * Level 7.4 Necromancy
 * Level 6.6 Ice Magic
 + Level 1.2 Evocations


You had 4 spell levels left.
You knew the following spells:

 Your Spells              Type           Power        Failure   Level  Hunger
a - Recall                Summ/Tloc      N/A          99%         3    ###....
b - Animate Dead          Necr           N/A          38%         4    ####...
c - Simulacrum            Ice/Necr       ######....   100%        6    #######
d - Dispel Undead         Necr           #####...     82%         5    ######.


Dungeon Overview and Level Annotations

Branches:
Dungeon (11/15)            Temple (1/1) D:7            Lair (3/8) D:11
    Orc (0/4) D:10
  Swamp: Lair:3-6    Shoals: Lair:3-6     Snake: Lair:3-6    Spider: Lair:3-6

Altars:
Ashenzari
Cheibriados
Dithmenos
Elyvilon
Fedhas
Gozag
Kikubaaqudgha
Makhleb
Nemelex Xobeh
Okawaru
Qazlal
Ru
Sif Muna
Trog
Vehumet
Xom
Yredelemnul
Zin
The Shining One

Shops:
D:4 }   D:7 (   D:8 !

Annotations:
D:7 jejorda2's ghost, experienced GrEE
D:8 jejorda2's ghost, experienced GrEE; loblaw's ghost, experienced GrFi


Innate Abilities, Weirdness & Mutations

You cannot wear most types of armour.
You are amphibious.
You can wear up to eight rings at the same time.
You can use your tentacles to constrict eight enemies at once.
Your skin changes colour to match your surroundings (Stealth).
Your rubbery body absorbs attacks (AC +1).
One of your tentacles bears a spike.
You are partially covered in large bone plates (AC +2, SH +2).
You are partially covered in molten scales (AC +1).
You tend to lose your temper in combat.
You can spit weak poison.
Your spells are a little harder to cast, but a little more powerful.


Message History

Zapping:
D - a wand of disintegration (4)
Press: ? - help, Shift-Dir - straight line, f - yak
Aim: a yak (chance to defeat MR: 70%)
The yak is blasted.
This wand has 3 charges left.
The wolf bites your yak zombie but does no damage.
You block the yak's attack. The yak gores your yak zombie!
Your yak zombie is destroyed!
The yak completely misses you.
Evoke which item? (* to show all) (? for menu, Esc to quit)
Zapping:
y - a wand of teleportation (will waste charges)
Press: ? - help, Shift-Dir - straight line, f - you, p - yak You feel strangely unstable.
Evoking this partially-identified wand wasted a few charges.
The wolf barely misses you. The yak gores you.
* * * LOW HITPOINT WARNING * * *
You block the yak's attack. The wolf bites you.
* * * LOW HITPOINT WARNING * * *
The wolf misses you. You block the yak's attack. The yak gores you!!
You die...
Kikubaaqudgha rasps: "You have failed me!
Welcome... death!"

#..[#### #..#
#......# ##.#
##...#.###..##
##..#Z.#....##
#####.#.###.#
#.##...##
##.###.Z##
###Y## ##..#
#Yh@# ##.#
#..Y## #.##
#..#.# ####.#
#...###
##Z##Z# ≈..#
####Z.#.Z#
###.
##...ZZZ#.# .
##.....##|## #
#..##.##.##
#..#######


You could see 3 yaks and a wolf.

Vanquished Creatures
  Erica (Lair:1)
  Sonja (Lair:1)
  An ice statue (IceCv)
  Pikel (D:5)
  A black mamba (Lair:1)
  2 cyclopes (D:11)
  2 gargoyles (D:11)
  A centaur skeleton (D:11)
  2 komodo dragons
  A spiny frog (Lair:2)
  A fire drake (D:11)
  A polar bear (IceCv)
  A troll (D:9)
  A two-headed ogre (D:11)
  33 yaks
  A shadow (D:11)
  3 basilisks
  A human (D:8)
  A wyvern (D:9)
  3 hippogriffs
  A hog (D:8)
  3 wolves (IceCv)
  3 hungry ghosts
  6 porcupines
  A mottled dragon (D:11)
  2 wasps
  3 ice beasts
  A sky beast (D:10)
  A necrophage (D:9)
  4 water moccasins
  2 phantoms
  6 ogres
  7 orc warriors
  10 crocodiles
  10 giant frogs
  10 centaurs
  2 big kobolds (D:11)
  A brain worm (D:11)
  2 gnoll sergeants
  A wyvern zombie (D:8)
  2 scorpions (D:5)
  5 killer bees
  A wyvern skeleton (D:9)
  3 jellies
  5 wights (D:8)
  2 giant frog zombies
  10 crimson imps
  2 quasits
  9 orc priests
  6 hounds
  3 giant frog skeletons
  13 orc wizards
  16 sheep
  6 worker ants
  8 iguanas
  2 hound zombies
  9 gnolls
  10 adders
  6 river rats (Lair:2)
  5 shadow imps
  An adder skeleton (D:8)
  5 adder zombies
  4 worms
  5 giant geckos
  56 orcs
  A ball python (D:7)
  13 bats
  2 bat skeletons
  6 giant cockroaches
  15 goblins
  11 hobgoblins
  38 jackals
  24 kobolds
  4 quokkas
  A giant gecko zombie (D:6)
  3 giant newts
  A jackal zombie (D:6)
  2 quokka skeletons
  A quokka zombie (D:7)
  11 rats
  2 butterflies (D:7)
464 creatures vanquished.

Vanquished Creatures (collateral kills)
  A griffon (Lair:3)
  An oklob plant (Lair:1)
  An ugly thing (D:11)
  2 polar bears (IceCv)
  9 yaks
  2 wolves (IceCv)
  A black bear (D:11)
  2 giant frogs
  A bush (Lair:1)
  A plant (Lair:3)
21 creatures vanquished.

Vanquished Creatures (others)
  A polar bear (IceCv)
  A yak (IceCv)
  2 wolves (IceCv)
  A worker ant (D:5)
  A ball python (D:5)
  A fungus (Lair:2)
7 creatures vanquished.

Grand Total: 492 creatures vanquished

Notes
Turn   | Place    | Note
--------------------------------------------------------------
     0 | D:1      | sscrono2 the Octopode Assassin began the quest for the Orb.
     0 | D:1      | Reached XP level 1. HP: 14/14 MP: 1/1
   113 | D:1      | Found a sparkling altar of Nemelex Xobeh.
   134 | D:1      | Reached XP level 2. HP: 19/19 MP: 2/2
   161 | D:1      | Reached skill level 6 in Stealth
   333 | D:1      | Reached XP level 3. HP: 20/24 MP: 3/3
  1021 | D:3      | Reached XP level 4. HP: 29/29 MP: 5/5
  1076 | D:3      | Reached skill level 1 in Spellcasting
  1314 | D:3      | Found a deep blue altar of Sif Muna.
  1557 | D:4      | Found a white marble altar of Elyvilon.
  1651 | D:4      | Reached skill level 7 in Stealth
  1651 | D:4      | Reached XP level 5. HP: 11/34 MP: 5/7
  2379 | D:4      | Found a snail-covered altar of Cheibriados.
  2426 | D:4      | Reached XP level 6. HP: 35/39 MP: 9/9
  2753 | D:4      | Found Pejirytz's Gadget Shop.
  2761 | D:4      | Bought a wand of disintegration (6) for 140 gold pieces
  2808 | D:4      | Noticed an ogre
  2819 | D:4      | Killed an ogre
  2819 | D:4      | Reached skill level 8 in Stealth
  2955 | D:4      | Found a glowing golden altar of the Shining One.
  3057 | D:5      | Entered Level 5 of the Dungeon
  3110 | D:5      | Reached skill level 1 in Shields
  3114 | D:5      | Reached XP level 7. HP: 31/45 MP: 10/10
  3444 | D:5      | Reached skill level 9 in Stealth
  3467 | D:5      | Found a sacrificial altar of Ru.
  3511 | D:5      | Noticed Pikel
  3522 | D:5      | Killed Pikel
  3522 | D:5      | Reached skill level 10 in Stealth
  3522 | D:5      | Reached XP level 8. HP: 50/50 MP: 12/12
  4040 | D:6      | Gained mutation: Your spells are a little harder to cast, but a little more powerful. [potion of mutation]
  4040 | D:6      | Gained mutation: You can spit weak poison. [potion of mutation]
  4040 | D:6      | Lost mutation: You can spit weak poison. [potion of mutation]
  4041 | D:6      | Gained mutation: One of your tentacles bears a spike. [potion of mutation]
  4041 | D:6      | Gained mutation: You can spit weak poison. [potion of mutation]
  4041 | D:6      | Gained mutation: You are partially covered in molten scales (AC +1). [potion of mutation]
  4331 | D:6      | Reached skill level 11 in Stealth
  4331 | D:6      | Reached XP level 9. HP: 52/54 MP: 14/14
  4463 | D:6      | Gained mutation: You are partially covered in large bone plates (AC +2, SH +2). [potion of beneficial mutation]
  4967 | D:7      | Found a bloodstained altar of Trog.
  5032 | D:7      | Reached skill level 5 in Throwing
  5071 | D:7      | Noticed jejorda2's ghost (experienced GrEE)
  5457 | D:7      | Found a staircase to the Ecumenical Temple.
  5467 | Temple   | Entered the Ecumenical Temple
  5557 | Temple   | Became a worshipper of Kikubaaqudgha
  5913 | D:7      | Reached skill level 5 in Short Blades
  5913 | D:7      | Reached skill level 1 in Necromancy
  5966 | D:7      | Found a radiant altar of Vehumet.
  6266 | D:7      | Found Uggenkan's Weapon Shoppe.
  6681 | D:8      | Found Rymn's Distillery.
  6700 | D:8      | Bought a potion of resistance for 140 gold pieces
  6733 | D:8      | Learned a level 3 spell: Recall
  6738 | D:8      | Learned a level 4 spell: Animate Dead
  6745 | D:8      | Learned a level 6 spell: Simulacrum
  6945 | D:8      | Found a sparkling altar of Nemelex Xobeh.
  6945 | D:8      | Noticed loblaw's ghost (experienced GrFi)
  7323 | D:8      | Reached skill level 1 in Ice Magic
  7323 | D:8      | Reached XP level 10. HP: 50/60 MP: 16/16
  7416 | D:8      | Acquired Kikubaaqudgha's first power
  7416 | D:8      | Received a gift from Kikubaaqudgha
  7436 | D:8      | Identified Kikubaaqudgha's Incunabulum of Evil Rituals (Kikubaaqudgha gifted it to you on level 8 of the Dungeon)
  7642 | D:8      | Reached skill level 5 in Dodging
  8098 | D:8      | Bought a potion of berserk rage for 70 gold pieces
  8098 | D:8      | Bought a potion of might for 56 gold pieces
  8198 | D:9      | Reached skill level 12 in Stealth
  8419 | D:9      | Reached skill level 5 in Shields
  8507 | D:9      | Found a glowing silver altar of Zin.
  9766 | D:10     | Entered Level 10 of the Dungeon
  9813 | D:10     | Acquired Kikubaaqudgha's second power
  9825 | D:10     | Found a bloodstained altar of Trog.
  9903 | D:10     | Reached XP level 11. HP: 50/66 MP: 17/17
 10116 | D:10     | Found a staircase to the Orcish Mines.
 11030 | D:11     | Received a gift from Kikubaaqudgha
 11056 | D:11     | Identified Kikubaaqudgha's Volume of Unholy Rituals (Kikubaaqudgha gifted it to you on level 11 of the Dungeon)
 11063 | D:11     | Learned a level 5 spell: Dispel Undead
 11904 | D:11     | Found a staircase to the Lair.
 12524 | D:11     | Reached skill level 5 in Ice Magic
 13101 | D:11     | Reached skill level 5 in Necromancy
 13936 | D:11     | HP: 1/67 [gargoyle/stone arrow (19)]
 14334 | D:11     | Reached XP level 12. HP: 28/74 MP: 1/18
 15058 | Lair:1   | Entered Level 1 of the Lair of Beasts
 15123 | Lair:1   | Gained mutation: You tend to lose your temper in combat. [mutagenic glow]
 15577 | Lair:1   | Noticed Erica
 15584 | Lair:1   | Killed Erica
 15584 | Lair:1   | Reached skill level 13 in Stealth
 15807 | Lair:1   | Your ally Erica died
 16552 | Lair:1   | Noticed Sonja
 16560 | Lair:1   | Killed Sonja
 16653 | Lair:1   | Reached skill level 1 in Evocations
 18297 | Lair:3   | Found a frozen archway.
 18405 | IceCv    | Entered an ice cave
 19085 | IceCv    | Reached skill level 5 in Spellcasting
 19198 | IceCv    | Reached XP level 13. HP: 59/79 MP: 20/20
 19262 | IceCv    | Slain by a yak

Vault maps used:
D:1:      dpeg_arrival_round_a, nemelex_deck
D:3:      lemuel_blue_sif_altar, first_bread
D:4:      cheibriados_altar_1, elyvilon_altar_1, lemuel_doored_altar,
          serial_shops, shop_fountains
D:5:      corexii_shack_village, overflow_temple_1_default,
          guppyfry_early_orc_mine, uniq_pikel
D:7:      minmay_temple_entry_butterflies, basic_altar, serial_shops,
          nicolae_shop_stone, trog_butcher_becter
D:8:      lemuel_crystal_altar, serial_shops, shop, grunt_livestock
D:9:      kennysheep_mini_moat
D:10:     orc_0_dummy, serial_park_tiny_2, bloody_trog
D:11:     minmay_lair_entry_lava
Temple:   circular_temple_pool_12
Lair:1:   minmay_lair_oklob_items, grunt_megastairs_1, uniq_sonja, uniq_erica
Lair:2:   grunt_megastairs_4, infiniplex_staircase_pool_2
Lair:3:   guppyfry_snake_entry_garden, portal_ice_cave_entry_pillars_01,
          hangedman_lair_generics_rect
IceCv:    ice_cave_caverns_02

Action                   |  1- 3 |  4- 6 |  7- 9 | 10-12 | 13-15 || total
-------------------------+-------+-------+-------+-------+-------++-------
Melee: Dagger            |    78 |   121 |   301 |  1249 |    24 ||  1773
 Fire: Blowgun           |     4 |     6 |    46 |   204 |       ||   260
Throw: Throwing net      |       |       |       |     2 |       ||     2
 Cast: Animate Dead      |       |       |       |    28 |     2 ||    30
Invok: Receive Corpses   |       |       |       |    21 |     1 ||    22
 Abil: Spit Poison       |       |       |     2 |       |       ||     2
Evoke: Deck              |       |       |     1 |       |       ||     1
       Wand              |       |       |       |     7 |     2 ||     9
  Use: Scroll            |     4 |       |     9 |    16 |       ||    29
       Potion            |       |       |     3 |    17 |       ||    20
 Stab: Sleeping          |    12 |    20 |    36 |    46 |       ||   114
       Distracted        |       |     2 |     3 |    13 |       ||    18
       Paralysed         |       |       |       |     5 |       ||     5
       Held in net/web   |       |       |       |     1 |       ||     1
  Eat: Pizza             |       |     1 |     2 |     9 |       ||    12
       Meat ration       |       |     1 |     2 |     2 |       ||     5
       Chunk             |       |     1 |       |       |       ||     1
       Beef jerky        |       |       |     1 |     4 |       ||     5
       Bread ration      |       |       |       |     5 |       ||     5
